 Dungeon Crawl Stone Soup version 0.31-a0-188-g5e087ee2ca (webtiles) character file.

Game seed: 8643636087326587382

135 qw the Skirmisher (level 4, -1/25 HPs)
             Began as a Deep Elf Hunter on June 23, 2023.
             Slain by a kobold
             ... wielding a +0 whip
              (4 damage)
             ... on level 3 of the Dungeon.
             The game lasted 00:00:36 (1309 turns).

qw the Skirmisher (Deep Elf Hunter)                 Turns: 1309, Time: 00:00:36

Health: -1/25      AC:  7    Str: 10    XL:     4   Next: 96%
Magic:  6/6        EV:  9    Int: 14    God:
Gold:   86         SH:  0    Dex: 24    Spells: 3/3 levels left

rFire   . . .        Y - +5 triple crossbow (elec)
rCold   . . .        (shield currently unavailable)
rNeg    . . .        b - +0 scale mail
rPois   .            i - +0 helmet
rElec   .            (no cloak)
rCorr   .            (no gloves)
SInv    .            (no boots)
Will    .....        (no amulet)
Stlth   +            k - +6 ring of dexterity
HPRegen 0.24/turn    (no ring)
MPRegen 0.10/turn

%: no passive effects
@: no status effects
A: no striking features
a: no special abilities


You were on level 3 of the Dungeon.
You visited 1 branch of the dungeon, and saw 3 of its levels.

You collected 86 gold pieces.


   Skills:
 - Level 1.5 Fighting
 + Level 8.3 Ranged Weapons
 - Level 2.4 Dodging
 - Level 1.2 Stealth


You had 3 spell levels left.
You didn't know any spells.
Your spell library was empty.

Inventory:

Hand Weapons
 Y - a +5 triple crossbow of electrocution (weapon)
Armour
 a - a scarf of resistance
 b - a +0 scale mail (worn)
 i - a +0 helmet (worn)
Jewellery
 f - a ring of ice
 k - a +6 ring of dexterity (left hand)
Scrolls
 e - a scroll of identify
Potions
 g - a potion of berserk rage {unknown}
 h - a potion of cancellation

Dungeon Overview and Level Annotations

Branches:
Dungeon (3/15)

Altars:


Message History

A hobgoblin comes into view.
A kobold comes into view. It is wielding a +0 whip.
You shoot a bolt. The bolt hits the hobgoblin.
The hobgoblin is heavily wounded.
The goblin hits you but does no damage. The hobgoblin barely misses you.
The goblin hits you but does no damage. The goblin hits you with a +0 club.
The hobgoblin barely misses you. The goblin hits you with a +0 dagger.
The goblin barely misses you.
You shoot a bolt. The bolt hits the hobgoblin!
You kill the hobgoblin!
The goblin no longer looks unusually strong.
The goblin barely misses you. The goblin closely misses you.
The goblin barely misses you. The goblin closely misses you.
The goblin hits you but does no damage.
You shoot a bolt. The bolt hits the goblin!!
You kill the goblin!
The goblin hits you with a +0 dagger. x2; The goblin barely misses you.
The goblin hits you with a +0 club.
You shoot a bolt. The bolt misses the goblin.
The goblin no longer looks unusually strong.
The goblin hits you but does no damage. The hobgoblin hits you.
The goblin hits you but does no damage. The goblin barely misses you.
The goblin closely misses you. The goblin hits you but does no damage.
The hobgoblin hits you. The goblin hits you with a +0 club.
The goblin hits you but does no damage. The hobgoblin barely misses you.
The goblin hits you with a +0 dagger.
You shoot a bolt. The bolt closely misses the goblin.
The goblin barely misses you.
The hobgoblin hits you but does no damage.
The goblin hits you but does no damage. x2; The goblin closely misses you.
The goblin barely misses you.
The hobgoblin hits you but does no damage.
The goblin hits you but does no damage.
You shoot a bolt. The bolt hits the goblin!!
You kill the goblin!
The goblin closely misses you. The hobgoblin barely misses you.
The goblin hits you but does no damage. The goblin hits you with a +0 club.
The goblin barely misses you. The hobgoblin barely misses you.
The kobold hits you with a +0 whip.
You die...

### g. ... .g #.
#.. g .#.##.
###.#.# ......
...#.## #....
..[..#
.##..#.####.#..##.#
..........ggK......
.#
.........)@g......
..
.........#)#..##..
###. .
#.#...#..#.#..# ...
..##.#...#..#%# .#
#. ......%#..#.# .#
#. #.##.......#. #
#. #..............
#.
.#.##.............#
# ##
...............#..#
##.######


You could see a hobgoblin, 2 goblins and a kobold.

Vanquished Creatures
  Jessica (D:2)
  Robin (D:3)
  4 adders (D:3)
  A worm (D:2)
  A dart slug (D:3)
  An orc (D:3)
  4 ball pythons
  8 endoplasms
  2 giant cockroaches
  11 goblins
  6 hobgoblins
  6 kobolds
  A bat (D:1)
  3 frilled lizards
  5 rats
55 creatures vanquished.

Notes
Turn   | Place    | Note
-------+----------+-------------------------------------------
     0 | D:1      | qw the Deep Elf Hunter began the quest for the Orb.
     0 | D:1      | Reached XP level 1. HP: 12/12 MP: 3/3
     0 | D:1      | 0 ||| qw: Version: 0.3-a-9-g12657ce
     0 | D:1      | 0 ||| qw: Game counter: 3769
     0 | D:1      | 0 ||| qw: Always use a shield: true
     0 | D:1      | 0 ||| qw: God list: Okawaru
     0 | D:1      | 0 ||| qw: Allow faded altars: false
     0 | D:1      | 0 ||| qw: Do Orc after D:15 true
     0 | D:1      | 0 ||| qw: Do second Lair branch before Depths: true
     0 | D:1      | 0 ||| qw: Lair rune preference: random
     0 | D:1      | 0 ||| qw: Plans: Normal
     0 | D:1      | 0 ||| PLANNING D:1-11
   156 | D:1      | Reached XP level 2. HP: 16/16 MP: 4/4
   207 | D:1      | Reached skill level 6 in Ranged Weapons
   640 | D:1      | 640 ||| UPGRADING to +0 helmet.
   645 | D:1      | 645 ||| READING scroll labelled XOSETHRY EGUI.
   646 | D:1      | 646 ||| READING scroll labelled WAVESA QICHOU.
   647 | D:1      | 647 ||| DROPPING scroll of butterflies.
   678 | D:2      | Noticed Jessica
   680 | D:2      | Killed Jessica
   681 | D:2      | Reached skill level 7 in Ranged Weapons
   681 | D:2      | Reached XP level 3. HP: 20/20 MP: 5/5
   904 | D:2      | 904 ||| FLEEEEING.
   905 | D:2      | 905 ||| FLEEEEING.
   906 | D:2      | 906 ||| FLEEEEING.
   907 | D:2      | 907 ||| FLEEEEING.
   908 | D:2      | 908 ||| FLEEEEING.
   909 | D:2      | 909 ||| FLEEEEING.
   910 | D:2      | 910 ||| FLEEEEING.
   911 | D:2      | 911 ||| FLEEEEING.
   912 | D:2      | 912 ||| FLEEEEING.
   913 | D:2      | 913 ||| FLEEEEING.
   914 | D:2      | 914 ||| FLEEEEING.
   915 | D:2      | 915 ||| FLEEEEING.
   916 | D:2      | 916 ||| FLEEEEING.
   917 | D:2      | 917 ||| FLEEEEING.
  1122 | D:2      | 1122 ||| UPGRADING to +0 scale mail.
  1132 | D:2      | 1132 ||| DROPPING +0 leather armour.
  1133 | D:2      | 1133 ||| UPGRADING to +6 ring of dexterity.
  1134 | D:2      | 1134 ||| READING scroll labelled BUOTWA QAYMU.
  1134 | D:2      | Identified a scroll of acquirement
  1134 | D:2      | 1134 ||| ACQUIRING +4 triple crossbow of electrocution
  1134 | D:2      | Acquired a +4 triple crossbow of electrocution
  1136 | D:2      | 1136 ||| SWAPPING to +4 triple crossbow of electrocution.
  1137 | D:2      | 1137 ||| DROPPING +0 shortbow.
  1138 | D:2      | 1138 ||| READING 2 scrolls labelled NOTEDI OFUYZO.
  1139 | D:2      | 1139 ||| READING scroll labelled UPPUCRACLAI.
  1140 | D:2      | 1140 ||| DRINKING 2 inky potions.
  1141 | D:2      | 1141 ||| READING 2 scrolls of identify.
  1141 | D:2      | 1141 ||| IDENTIFYING sapphire potion
  1142 | D:2      | 1142 ||| DROPPING scroll of immolation.
  1143 | D:2      | 1143 ||| DROPPING potion of attraction.
  1155 | D:3      | Reached XP level 4. HP: 25/25 MP: 6/6
  1281 | D:3      | Reached skill level 8 in Ranged Weapons
  1295 | D:3      | Noticed Robin
  1296 | D:3      | 1296 ||| Stepping ~*~*~tactically~*~*~ (outnumbered).
  1302 | D:3      | Killed Robin
  1307 | D:3      | HP: 6/25 [goblin/+0 dagger[Robin] (1)]
  1309 | D:3      | Slain by a kobold

Levels and vault maps discovered:
D:1:      nicolae_arrival_somewhat_less_tricky_arrival, layout_loops_cross
D:2:      layout_rooms, uniq_jessica
D:3:      layout_basic, pf_just_have_faith, uniq_robin

Skill      XL: |  1  2  3  4 |
---------------+-------------+-----
Ranged Weapons | 7 8 |  8.3
Fighting       | |  1.5
Dodging        | |  2.4
Stealth        | |  1.2

Action                     |  1- 3 |  4- 6 || total
---------------------------+-------+-------++-------
   Fire: Shortbow          |    80 |       ||    80
         Triple crossbow   |     1 |    31 ||    32
    Use: Scroll            |     6 |       ||     6
         Potion            |     1 |       ||     1
 Armour: Leather armour    |     3 |       ||     3
         Scale mail        |       |    25 ||    25
  Dodge: Dodged            |     6 |    32 ||    38

Table legend:
 A = Non-vault XP
 B = Vault XP
 C = Vault XP percentage of total XP
 D = Non-vault monster count
 E = Vault monster count
 F = Vault count percentage of total count
                 A         B        C        D         E       F
            +---------+---------+-------+---------+---------+-------
      Total |     130 |      65 |  33.3 |      47 |       8 |  14.5
            +---------+---------+-------+---------+---------+-------
        D:1 |      32 |       0 |   0.0 |      19 |       0 |   0.0
        D:2 |      27 |      37 |  57.8 |      15 |       1 |   6.2
        D:3 |      71 |      28 |  28.3 |      13 |       7 |  35.0
            +---------+---------+-------+---------+---------+-------
